 Dungeon Crawl Stone Soup version 0.17-a0-1882-g750edc8 (webtiles) character file.

129 Lysie the Shield-Bearer (level 4, -3/39 HPs)
             Began as a Minotaur Fighter on Sept 23, 2015.
             Was an Initiate of the Shining One.
             Slain by zigs's ghost (13 damage)
             ... on level 3 of the Dungeon.
             The game lasted 00:06:14 (2022 turns).

Lysie the Shield-Bearer (Minotaur Fighter)          Turns: 2022, Time: 00:06:14

Health: -3/39      AC:  7    Str: 26    XL:     4   Next: 88%
Magic:  3/3        EV:  8    Int:  5    God:    the Shining One [......]
Gold:   119        SH: 10    Dex: 10    Spells: 0 memorised, 3 levels left

rFire  . . .     SeeInvis .     a - +0 war axe
rCold  . . .     Clarity  .     b - +0 scale mail
rNeg   . . .     SustAt   .     c - +0 shield
rPois  .         Gourm    .     (helmet restricted)
rElec  .         Spirit   .     (no cloak)
rCorr  .         Warding  .     (no gloves)
rMut   .         Stasis   .     (no boots)
MR     .....                    (no amulet)
Stlth  ..........               (no ring)
                                (no ring)

@: mighty, not resistant to hostile enchantments, extremely unstealthy
A: retaliatory headbutt, horns 2
a: Renounce Religion


You were on level 3 of the Dungeon.
You worshipped the Shining One.
The Shining One was noncommittal.
You were full.

You visited 1 branch of the dungeon, and saw 3 of its levels.

You collected 119 gold pieces.

Inventory:

Hand weapons
 a - a +0 war axe (weapon)
Missiles
 m - 45 arrows
Armour
 b - a +0 scale mail (worn)
 c - a +0 shield (worn)
Jewellery
 g - an uncursed ring of fire {unknown}
Magical devices
 o - a wand of frost (26)
 t - a wand of paralysis (6)
Scrolls
 f - a scroll of noise {unknown}
 h - a scroll of immolation {unknown}
 l - a scroll of fog {unknown}
 n - 3 scrolls of remove curse {unknown}
 p - a scroll of amnesia {unknown}
 q - a scroll of recharging {unknown}
 u - a scroll of identify {unknown}
Potions
 i - 2 potions of flight {unknown}
 j - a potion of haste {unknown}
 k - a potion of lignification {unknown}
 r - a potion of degeneration {unknown}
 s - a potion of curing {unknown}
Comestibles
 e - a bread ration


   Skills:
 - Level 3.6 Fighting
 * Level 4.0 Axes
 + Level 4.7 Armour
 + Level 5.0 Shields


You had 3 spell levels left.
You didn't know any spells.

Dungeon Overview and Level Annotations

Branches:
Dungeon (3/15)

Altars:
Okawaru
The Shining One

Annotations:
D:3 zigs's ghost, average OgWr


Innate Abilities, Weirdness & Mutations

You reflexively headbutt those who attack you in melee.
You have a pair of horns on your head.


Message History

Press: ? - help, v - describe, . - travel
Here: zigs's ghost (hasn't noticed you)
The floor.
Drink which item? (? for menu, Esc to quit)
You feel very mighty all of a sudden.
Zigs's ghost mumbles some strange words.
Space distorts along a thin shroud covering zigs's ghost's form.
You closely miss zigs's ghost. You headbutt zigs's ghost!
Zigs's ghost is moderately damaged.
Zigs's ghost hits you! x2
You hit zigs's ghost. You headbutt zigs's ghost!
Zigs's ghost is heavily damaged.
Zigs's ghost hits you.
* * * LOW HITPOINT WARNING * * *
Zigs's ghost's shroud bends your attack away.
You block zigs's ghost's attack. x2
You closely miss zigs's ghost. Your headbutt misses zigs's ghost.
Zigs's ghost is heavily damaged.
Zigs's ghost hits you!
You die...

#. #... #. #.# #.# #.
#.# #.... #.# #.#
#.##.# #..###.###.#
#####.#.# #.##...##.#
#.....<.#
#<........## ..#
#.#####.##
##.##...##..# #.#
##...##
##..###†###..# #.#
#.###.....###.......#
#..# #.#
.......†......#@#####
#..# #.#
#####.....#...W.#
#..# #.#
##...####.### #..#
#.# ##.## #.# #..#
#.# #.#
#.#########..# #.#
#.#
#............#####..
#.#
###########.........
#(# ####.######. #.#
#....# ##


You could see zigs's ghost.

Vanquished Creatures
  Natasha (thrice) (D:2)
  5 adders
  A worm (D:2)
  2 giant geckos
  An orc (D:3)
  2 ball pythons
  4 bats (D:1)
  2 giant cockroaches (D:1)
  4 goblins
  3 hobgoblins (D:1)
  3 jackals (D:1)
  A quokka (D:3)
  4 giant newts
  6 kobolds
  4 rats
45 creatures vanquished.

Notes
Turn   | Place    | Note
--------------------------------------------------------------
     0 | D:1      | Lysie the Minotaur Fighter began the quest for the Orb.
     0 | D:1      | Reached XP level 1. HP: 19/19 MP: 0/0
   149 | D:1      | Reached XP level 2. HP: 24/26 MP: 1/1
   532 | D:1      | Reached skill level 4 in Shields
   786 | D:1      | Reached XP level 3. HP: 31/31 MP: 2/2
  1217 | D:2      | Noticed Natasha
  1223 | D:2      | Killed Natasha
  1223 | D:2      | Reached XP level 4. HP: 32/39 MP: 3/3
  1255 | D:2      | Noticed Natasha
  1258 | D:2      | Killed Natasha
  1304 | D:2      | Reached skill level 5 in Shields
  1325 | D:2      | Found a faded altar to an unknown god.
  1327 | D:2      | Noticed Natasha
  1335 | D:2      | Killed Natasha
  1464 | D:2      | Found a glowing golden altar of the Shining One.
  1717 | D:2      | Became a worshipper of the Shining One
  1859 | D:3      | Found an iron altar of Okawaru.
  2016 | D:3      | Noticed zigs's ghost (average OgWr)
  2022 | D:3      | Slain by zigs's ghost

Vault maps used:
D:1:      mrwooster_arrival_statue_2
D:2:      tso_altar, ecumenical_altar_1, uniq_natasha
D:3:      nicolae_overflow_crystal_walls, first_bread, grunt_ministairs_2,
          uniq_terence

Action                   |  1- 3 |  4- 6 || total
-------------------------+-------+-------++-------
Melee: War axe           |    70 |    56 ||   126
  Use: Potion            |       |     1 ||     1
  Eat: Meat ration       |       |     1 ||     1
       Bread ration      |       |     1 ||     1
